 Dungeon Crawl Stone Soup version 0.30-a0-141-g30f27751c5 (webtiles) character file.

Game seed: 2921613566928354800

221106 hellse the Brawler (level 18, 0/155 (172) HPs)
             Began as a Troll Delver on Sept 25, 2022.
             Was the Champion of Ru.
             Slain by a seven-headed hydra (5 damage)
             ... on level 3 of the Swamp on Sept 26, 2022.
             The game lasted 01:01:36 (26570 turns).

hellse the Brawler (Troll Delver)                  Turns: 26570, Time: 01:01:36

HP:   0/155 (172)   AC: 23    Str: 33    XL:     18   Next: 49%
MP:   15/15         EV:  7    Int:  6    God:    Ru [******]
Gold: 2698          SH: 20    Dex: 13    Spells: 17/17 levels left

rFire   + + .      SeeInvis .      - Unarmed
rCold   + . .      Faith    .    j - +0 tower shield
rNeg    . . .      Spirit   .    K - +6 fire dragon scales of Homo {Rampage rF++ rC- Dex-2 Slay+2}
rPois   +          Reflect  +    O - +1 hat
rElec   .          Harm     .    L - +2 cloak {Will+}
rCorr   .          Rampage  +    (gloves unavailable)
Will    ++...                    (boots unavailable)
Stlth   ..........               M - amulet "Luynaef" {Reflect *Corrode rPois rC++ Regen+ SH+5}
HPRegen 1.95/turn                Y - +4 ring of slaying
MPRegen 0.14/turn                o - +6 ring of strength

@: exhausted, drained, unable to read, unable to drink
A: large, unfitting armour, claws 3, frail 1, low MP 1, regeneration 1, shaggy
fur 1, tough skin 1, inability to drink after injury 2, inability to read after
injury 2, no stealth, no air magic, no translocations magic, no transmutations
magic
}: 1/15 runes: gossamer
a: Renounce Religion, Draw Out Power, Power Leap, Apocalypse


You were on level 3 of the Swamp.
You worshipped Ru.
Ru was exalted by your worship.
You visited 6 branches of the dungeon, and saw 31 of its levels.
You visited 1 bazaar.
You also visited: Trove, Bailey and Ice Cave.

You collected 3645 gold pieces.
You spent 947 gold pieces at shops.

Inventory:

Hand Weapons
 b - a +4 vorpal sling
Missiles
 r - 9 large rocks (quivered)
Armour
 j - a +0 tower shield (worn)
 K - the +6 fire dragon scales of Homo (worn) {Rampage rF++ rC- Dex-2 Slay+2}
   (You found it in a bailey)

   Dex:       It affects your dexterity (-2).
   Slay:      It affects your accuracy & damage with ranged weapons and melee
   (+2).
   rF:        It greatly protects you from fire.
   rC:        It makes you vulnerable to cold.
   Rampage:   It bestows one free step when moving towards enemies.
 L - a +2 cloak of willpower (worn)
 O - a +1 hat (worn)
Jewellery
 c - a ring of flight
 g - the necklace of Bloodlust {*Rage Will++ Int-3 Slay+6}
   (You found it on level 7 of the Dungeon)

   [amulet of nothing]

   It extends the wearer's berserk rage when killing foes.
   Int:       It affects your intelligence (-3).
   Slay:      It affects your accuracy & damage with ranged weapons and melee
   (+6).
   *Rage:     It berserks you when you make melee attacks (+50% chance).
   Will:      It greatly increases your willpower.
 h - a ring of protection from fire
 o - a +6 ring of strength (right claw)
 v - a ring of poison resistance
 x - an amulet of guardian spirit
 y - the amulet "Qafuwn" {Acrobat rC++ MP-9 Dex+4}
   (You found it in a bailey)

   [amulet of the acrobat]

   It increases your evasion while moving and waiting.
   Dex:       It affects your dexterity (+4).
   rC:        It greatly protects you from cold.
   MP:        It affects your magic capacity (-9).
 F - a ring of protection from fire
 H - a ring of resist corrosion
 J - the amulet of Caemn {Reflect Regen+ Dex+3 SH+5}
   (You found it in a treasure trove)

   [amulet of reflection]

   It reflects blocked missile attacks.
   Dex:       It affects your dexterity (+3).
   Regen:     It increases your rate of health regeneration.
   SH:        It affects your SH (+5).
 M - the amulet "Luynaef" (around neck) {Reflect *Corrode rPois rC++ Regen+ SH+5}
   (You found it in a treasure trove)

   [amulet of reflection]

   It reflects blocked missile attacks.
   rC:        It greatly protects you from cold.
   rPois:     It protects you from poison.
   Regen:     It increases your rate of health regeneration.
   *Corrode:  It may corrode you when you take damage.
   SH:        It affects your SH (+5).
 N - a +4 ring of protection
 Y - a +4 ring of slaying (left claw)
Wands
 f - a wand of digging (7)
 s - a wand of mindburst (35)
 A - a wand of paralysis (27)
 E - a wand of polymorph (20)
 P - a wand of flame (22)
 T - a wand of roots (6)
 U - a wand of light (2)
Scrolls
 a - 3 scrolls of silence
 d - 7 scrolls of fear
 i - 9 scrolls of amnesia
 k - 19 scrolls of teleportation
 m - 7 scrolls of butterflies
 w - 4 scrolls of magic mapping
 z - 6 scrolls of enchant armour
 C - 3 scrolls of summoning
 W - 3 scrolls of blinking
 Z - 3 scrolls of poison
Potions
 e - 8 potions of haste
 l - 4 potions of flight
 n - a potion of cancellation
 p - 7 potions of magic
 q - 5 potions of lignification
 t - 13 potions of curing
 B - 5 potions of heal wounds
 D - 2 potions of berserk rage
 G - 8 potions of ambrosia
 I - 3 potions of invisibility
 R - 5 potions of mutation
 V - 3 potions of might
 X - 3 potions of resistance
Miscellaneous
 Q - a condenser vane (inert)
 S - a phantom mirror (inert)


   Skills:
 - Level 14.9 Fighting
 - Level 9.9 Throwing
 - Level 8.0 Armour
 - Level 4.5 Dodging
 - Level 8.7 Shields
 + Level 20.7 Unarmed Combat
 - Level 7.3 Evocations


You had 17 spell levels left.
You didn't know any spells.
Your spell library contained the following spells:

 Spells                   Type           Power      Damage    Failure   Level
 Ensorcelled Hibernation  Hex/Ice        0%         N/A       100%        2
 Scorch                   Fire           0%         2d5       100%        2
 Call Canine Familiar     Summ           0%         N/A       100%        3
 Stone Arrow              Conj/Erth      0%         3d7       100%        3
 Summon Guardian Golem    Hex/Summ       0%         N/A       100%        3
 Anguish                  Hex/Necr       0%         N/A       100%        4
 Animate Armour           Summ/Erth      0%         N/A       100%        4
 Flame Wave               Conj/Fire      0%         2d4       100%        4
 Leda's Liquefaction      Hex/Erth       0%         N/A       100%        4
 Olgreb's Toxic Radiance  Pois           0%         N/A       100%        4
 Sticky Flame             Conj/Fire      0%         2d3       100%        4
 Fireball                 Conj/Fire      0%         3d3       100%        5
 Iskenderun's Battlesphe  Conj           0%         2d6       100%        5
 Summon Mana Viper        Hex/Summ       0%         N/A       100%        5
 Iron Shot                Conj/Erth      0%         9d1       100%        6
 Summon Cactus Giant      Summ           0%         N/A       100%        6
 Orb of Destruction       Conj           0%         9d5       100%        7
 Spellforged Servitor     Conj/Summ      0%         N/A       100%        7
 Lehudib's Crystal Spear  Conj/Erth      0%         10d2      100%        8
 Sting                    Tmut/Pois      Unusable   1d3       N/A         1
 Poisonous Vapours        Pois/Air       Unusable   N/A       N/A         2
 Ignite Poison            Fire/Tmut/Pois Unusable   N/A       N/A         3
 Portal Projectile        Hex/Tloc       Unusable   N/A       N/A         3
 Spider Form              Tmut/Pois      Unusable   N/A       N/A         3
 Blade Hands              Tmut           Unusable   N/A       N/A         5
 Summon Forest            Summ/Tloc      Unusable   N/A       N/A         5
 Conjure Ball Lightning   Conj/Air       Unusable   3x3d6     N/A         6

Dungeon Overview and Level Annotations

Branches:
Dungeon (15/15)            Temple (1/1) D:5            Lair (5/5) D:11
  Swamp (4/4) Lair:2       Spider (4/4) Lair:2        Slime (0/5) Lair:5
    Orc (2/2) D:9             Elf (0/3) Orc:2        Vaults (0/5) D:13
 Depths (0/4) D:15         Bailey (visited)           IceCv (visited)

Altars:
Ashenzari
Cheibriados
Dithmenos
Elyvilon
Fedhas
Gozag
Hepliaklqana
Kikubaaqudgha
Makhleb
Nemelex Xobeh
Okawaru
Qazlal
Ru
Sif Muna
Trog
Uskayaw
Vehumet
Wu Jian
Xom
Yredelemnul
Zin
The Shining One

Shops:
D:1 (?(   D:5 [   Orc:1 *   Orc:2 *([!=


Innate Abilities, Weirdness & Mutations

You are too large for most types of armour.
You have claws for hands.
You are frail. (-10% HP)
Your magical capacity is low. (-10% MP)
Your natural rate of healing is unusually fast.
You are covered in fur. (AC +1)
You have tough skin. (AC +1)
You sometimes lose the ability to drink potions when taking damage.
You sometimes lose the ability to read scrolls when taking damage.
You cannot be stealthy.
You cannot study or cast Air magic.
You cannot study or cast Translocations magic.
You cannot study or cast Transmutations magic.


Message History

You cannot drink potions in your current state!
Okay, then.
Okay, then.
Aiming: Phantom Mirror
Press: ? - help, Dir - move target, f - five-headed hydra, p - seven-headed hydra
Aim: a five-headed hydra (poison gas, lightly wounded)
You reflect the five-headed hydra with the mirror!
The mirror clouds!
You block the five-headed hydra's attack.
The five-headed hydra bites you but does no damage.
The five-headed hydra barely misses you.
You block the five-headed hydra's attack.
The five-headed hydra bites you.
* * * LOW HITPOINT WARNING * * *
Your five-headed hydra bites the five-headed hydra!
Your five-headed hydra bites the five-headed hydra. x3
Your five-headed hydra bites the five-headed hydra!
You block the seven-headed hydra's attack.
The seven-headed hydra bites you but does no damage.
The seven-headed hydra barely misses you.
The seven-headed hydra closely misses you.
The seven-headed hydra bites you but does no damage.
You block the seven-headed hydra's attack.
The seven-headed hydra bites you but does no damage.
Unknown command.
Unknown command.
Unknown command.
Unknown command.
Unknown command.
The seven-headed hydra attacks as you move away!
You block the seven-headed hydra's attack.
The seven-headed hydra bites you!
* * * LOW HITPOINT WARNING * * *
You focus your inner power and blind the seven-headed hydra in retribution!
You block the seven-headed hydra's attack.
The seven-headed hydra closely misses you.
The seven-headed hydra barely misses you.
You block the seven-headed hydra's attack.
The seven-headed hydra bites you.
You die...

♣.~~..♣♣.......~~..~~~~..♣♣♣ ♣.~.
.~~~).♣~..♣♣~.~~~~.~~~.~..♣ ♣§~.
~~..~~♣♣~.♣♣♣.~~~~.~~~..~♣♣ ♣...
~~..~.♣.~.[~.~~.~~~~~~~)♣♣♣♣♣♣♣.(
...~.♣♣.~~~...~.~~~~~§).♣♣♣.♣♣§~~
.~~~.♣§~~~~...~♣~~.......~.~..~<<
.~~~....~~~~~~.~♣♣........§...~<<
♣~~~....~~~~~~~.♣§§~.).~..♣♣.♣~~~
♣~..~~♣♣♣♣~....>@DD~~~~~♣♣♣♣♣♣♣..
...~~~♣ ♣♣♣...~§D§~~~..♣ ♣♣§~
~.♣~♣♣♣♣♣♣♣♣...~§§§§~~.♣♣ ♣...
♣♣♣♣♣ ♣...~~..~~.~~~~[♣ ♣...
♣♣~~.♣...♣♣..~..♣ ♣♣♣ ♣♣.~
♣♣.~♣♣♣♣♣♣♣...~♣♣♣.♣♣♣... ♣~♣♣
♣♣.~~~.♣♣.~~~.... ♣~♣
♣..§~~~~~~~~~.~.. ♣♣♣
♣~.~~~..~§~§~..♣♣


You could see a seven-headed hydra (blind), a five-headed hydra (ally target)
and a friendly five-headed hydra (summoned, drained).

Vanquished Creatures
  Nikola (Spider:4)
  Jorgrun (Swamp:3)
  The ghost of Kaytir the Brawler, an adept TrCA of Ignis (Spider:4)
  A thorn hunter (Swamp:3)
  Donald (Spider:3)
  Roxanne (Spider:4)
  The ghost of Pocvaraige the Brawler, a journeyman TrMo of Gozag (D:13)
  2 fenstrider witches
  The ghost of Mecw the Warrior, an adept GrFi of Ru (Spider:4)
  5 emperor scorpions
  4 ghost moths
  Louise (Spider:3)
  Aizul (Spider:1)
  An ironbound preserver (D:13)
  4 broodmothers
  2 ghouls
  Nessos (D:12)
  3 eleionomae
  A dire elephant (Lair:5)
  3 spark wasps
  4 bunyips
  Snorg (D:14)
  An ettin (Orc:1)
  A shambling mangrove (Swamp:2)
  2 fire dragons (D:15)
  4 entropy weavers
  An ice dragon (D:15)
  An entropy weaver (shapeshifter) (D:13)
  2 catoblepae
  11 hydras
  4 centaur warriors
  11 alligators
  17 death yaks
  7 two-headed ogres
  6 boulder beetles
  A deep troll shaman (Lair:5)
  A dancing weapon (D:14)
  An orc high priest (Orc:1)
  The ghost of Bediveer the Skirmisher, a novice KoHs of Gozag (D:7)
  A sun moth (Spider:1)
  3 goliath frogs
  A fire crab (Lair:5)
  6 pharaoh ants
  Lodul (D:12)
  2 swamp dragons
  12 orb spiders
  5 steelbarb worms
  6 bog bodies
  A lindwurm (Lair:4)
  6 spriggan druids
  9 orc knights
  2 deep elf pyromancers (D:14)
  11 wolf spiders
  5 manticores
  4 moths of wrath
  3 will-o-the-wisps
  8 ugly things
  3 cyclopes
  Maurice (D:12)
  3 ice statues (IceCv)
  A gargoyle (D:13)
  8 elephants (Lair:5)
  A torpor snail (Spider:4)
  6 black mambas
  13 cane toads
  2 rime drakes
  3 unseen horrors
  A kobold demonologist (D:10)
  6 demonic crawlers
  11 komodo dragons
  3 yaktaurs (D:15)
  The ghost of pigah the Gusty, a novice OpAE (D:4)
  A freezing wraith (D:15)
  8 polar bears
  A bloated husk (Swamp:2)
  10 hornets
  11 trolls
  6 tyrant leeches
  16 tarantellas
  18 blink frogs
  6 slime creatures
  4 dream sheep (Lair:5)
  16 culicivoras
  26 jumping spiders
  8 spriggans
  A vampire (D:12)
  A shadow (D:10)
  3 wraiths
  68 yaks
  5 wyverns
  2 humans (D:8)
  3 basilisks
  18 vampire mosquitoes
  A steam dragon (D:7)
  78 redbacks
  A death yak simulacrum (IceCv)
  A harpy simulacrum (IceCv)
  6 swamp worms
  7 wargs (Orc:2)
  A hydra simulacrum (IceCv)
  11 water moccasins
  3 acid dragons
  49 orc warriors
  2 sky beasts
  2 ice beasts (D:4)
  2 black bears
  An ice beast (shapeshifter) (D:14)
  12 ogres
  9 centaurs
  10 wolves
  2 kobold brigands
  9 bullfrogs
  3 gnoll sergeants
  5 scorpions
  3 cane toad simulacra (IceCv)
  2 necrophages
  8 wights
  4 killer bees
  9 howler monkeys
  10 electric eels
  A crimson imp (D:5)
  A jelly (D:7)
  6 hounds
  18 orc priests
  5 iguanas
  22 orc wizards
  A hell rat (D:11)
  2 wolf simulacra (IceCv)
  2 bullfrog simulacra (D:4)
  29 gnolls
  A river rat (D:11)
  7 adders
  A hound simulacrum (D:4)
  A shadow imp (D:8)
  3 white imps
  3 worms
  5 dart slugs
  An adder simulacrum (D:4)
  112 orcs
  7 bats
  4 endoplasms
  5 giant cockroaches
  8 goblins
  5 hobgoblins
  15 jackals (D:4)
  11 kobolds
  A quokka (D:2)
  5 ball pythons
  3 frilled lizards
  A jackal simulacrum (D:4)
  A quokka simulacrum (D:4)
  3 rats
1035 creatures vanquished.

Vanquished Creatures (others)
  A hydra (Lair:4)
  A spriggan druid (Swamp:2)
  A wolf spider (Spider:1)
  2 torpor snails (Spider:3)
  2 komodo dragons
  5 bloated husks (Swamp:3)
  A vampire mosquito (Swamp:1)
  An orc wizard (D:15)
  2 kobolds
  13 briar patches (Swamp:3)
  6 foxfires
  12 fungi
  19 plants
66 creatures vanquished.

Grand Total: 1101 creatures vanquished

Notes
Turn   | Place    | Note
-------+----------+-------------------------------------------
     0 | D:5      | hellse the Troll Delver began the quest for the Orb.
     0 | D:5      | Reached XP level 1. HP: 22/22 MP: 0/0
     4 | D:5      | Found a staircase to the Ecumenical Temple.
    18 | Temple   | Entered the Ecumenical Temple
    72 | Temple   | Became a worshipper of Ru the Awakened
   174 | D:5      | Noticed a hound
   175 | D:5      | Noticed an iguana
   175 | D:5      | Noticed a hound
   195 | D:4      | Noticed an iguana
   206 | D:4      | Reached XP level 2. HP: 29/29 MP: 1/1
   215 | D:4      | Reached skill level 3 in Unarmed Combat
   215 | D:4      | Reached XP level 3. HP: 15/36 MP: 2/2
   248 | D:4      | Found a runed translucent gate.
   413 | D:2      | Reached skill level 4 in Unarmed Combat
   599 | D:1      | Found Oxoif's Magic Scroll Shoppe.
   610 | D:1      | Bought a scroll of teleportation for 30 gold pieces
   610 | D:1      | Bought a scroll of identify for 20 gold pieces
   642 | D:1      | Reached XP level 4. HP: 44/44 MP: 3/3
   675 | D:1      | Found Yhubaalu's Weapon Boutique.
   768 | D:1      | Found Wemposer's Antique Weapon Boutique.
  1239 | D:2      | Gained mutation: You occasionally lose the ability to read
                  | scrolls when taking damage. [Ru sacrifice]
  1239 | D:2      | Gained mutation: You sometimes lose the ability to read
                  | scrolls when taking damage. [Ru sacrifice]
  1239 | D:2      | Reached * piety under Ru
  1252 | D:2      | Found a faded altar of an unknown god.
  1479 | D:2      | Reached skill level 5 in Unarmed Combat
  1823 | D:3      | Reached XP level 5. HP: 50/50 MP: 4/4
  1868 | D:3      | Found a hide-covered altar of Uskayaw.
  2185 | D:3      | Found a bloodstained altar of Trog.
  2186 | D:3      | Found a hazy altar of Hepliaklqana.
  2443 | D:4      | Found a white marble altar of Elyvilon.
  2454 | D:4      | Reached skill level 6 in Unarmed Combat
  2456 | D:4      | Reached XP level 6. HP: 52/59 MP: 5/5
  2579 | D:4      | Found a runed translucent gate.
  2663 | D:4      | Found a runed translucent gate.
  2673 | D:4      | Noticed an ice beast
  2689 | D:4      | Noticed pigah's ghost (novice OpAE)
  2690 | D:4      | Noticed an ice beast
  2729 | D:4      | Reached skill level 7 in Unarmed Combat
  2891 | D:4      | Reached XP level 7. HP: 66/66 MP: 6/6
  3068 | D:3      | Gained mutation: You cannot be stealthy. [Ru sacrifice]
  3068 | D:3      | Reached ** piety under Ru
  3436 | D:5      | Reached skill level 5 in Fighting
  3483 | D:5      | Reached XP level 8. HP: 80/80 MP: 7/7
  3714 | D:5      | Found Zumn's Antique Armour Boutique.
  3726 | D:5      | Bought an embroidered cloak for 165 gold pieces
  3745 | D:5      | Found a burning altar of Makhleb.
  3746 | D:5      | Found a radiant altar of Vehumet.
  3789 | D:5      | You fall into a shaft and drop 3 floors!
  3963 | D:7      | Reached skill level 1 in Armour
  4183 | D:7      | Reached XP level 9. HP: 89/89 MP: 8/8
  4186 | D:7      | Found the necklace of Bloodlust {*Rage Will++ Int-3 Slay+6}
  4495 | D:6      | Reached skill level 8 in Unarmed Combat
  4564 | D:5      | Found an iron altar of Okawaru.
  5188 | D:6      | Reached skill level 9 in Unarmed Combat
  5394 | D:7      | Noticed Bediveer's ghost (novice KoHs)
  5395 | D:7      | Noticed a moth of wrath
  5396 | D:7      | Found a transporter.
  5398 | D:7      | Found a sparkling altar of Nemelex Xobeh.
  5407 | D:7      | Found a bloodstained altar of Trog.
  5417 | D:7      | Found a transporter.
  5910 | D:7      | Reached skill level 10 in Unarmed Combat
  5979 | D:8      | Found an iron altar of Okawaru.
  6072 | D:8      | Noticed a two-headed ogre
  6081 | D:8      | Killed a two-headed ogre
  6082 | D:8      | Reached skill level 11 in Unarmed Combat
  6082 | D:8      | Reached XP level 10. HP: 98/98 MP: 9/9
  6572 | D:1      | Bought a +4 vorpal sling for 266 gold pieces
  7149 | D:9      | Found a staircase to the Orcish Mines.
  7603 | Orc:1    | Entered Level 1 of the Orcish Mines
  7623 | D:10     | Entered Level 10 of the Dungeon
  7744 | D:10     | Reached skill level 12 in Unarmed Combat
  7789 | D:10     | Reached XP level 11. HP: 80/115 MP: 10/10
  7959 | D:10     | Noticed a two-headed ogre
  7966 | D:10     | Killed a two-headed ogre
  8011 | D:10     | Found a flagged portal.
  8025 | Bailey   | Entered a bailey
  8177 | Bailey   | Noticed an orc knight
  8245 | Bailey   | Reached skill level 13 in Unarmed Combat
  8342 | Bailey   | Killed an orc knight
  8398 | Bailey   | Identified the amulet "Qafuwn" {Acrobat rC++ MP-9 Dex+4}
  8400 | Bailey   | Identified the +6 fire dragon scales of Homo {Rampage rF++
                  | rC- Dex-2 Slay+2}
  8542 | D:10     | Found a snail-covered altar of Cheibriados.
  8900 | D:4      | Killed pigah's ghost
  9269 | D:11     | Noticed a two-headed ogre
  9279 | D:11     | Killed a two-headed ogre
  9316 | D:11     | Reached skill level 5 in Armour
  9404 | D:11     | Noticed a death yak
  9406 | D:11     | Noticed a death yak
  9420 | D:11     | Killed a death yak
  9424 | D:11     | Noticed a death yak
  9425 | D:11     | Killed a death yak
  9431 | D:11     | Killed a death yak
  9489 | D:11     | Found a staircase to the Lair.
  9590 | D:11     | Noticed a boulder beetle
  9607 | D:11     | Killed a boulder beetle
  9944 | D:11     | Reached XP level 12. HP: 123/123 MP: 2/11
  9995 | D:11     | Gained mutation: Your magical capacity is low. (-10% MP)
                  | [Ru sacrifice]
 10540 | D:12     | Noticed a two-headed ogre
 10542 | D:12     | Noticed Lodul
 10688 | D:12     | Killed a two-headed ogre
 10699 | D:12     | Noticed Nessos
 10718 | D:12     | Killed Nessos
 10719 | D:12     | Reached skill level 14 in Unarmed Combat
 10796 | D:12     | Found a flickering gateway to a bazaar.
 10812 | Bazaar   | Entered a bazaar
 10817 | Bazaar   | Found Perip's Book Shop.
 10830 | Bazaar   | Found Danuiruth's Book Shop.
 10922 | Lair:1   | Entered Level 1 of the Lair of Beasts
 11367 | Lair:1   | Reached skill level 15 in Unarmed Combat
 12002 | Lair:2   | Found a hole to the Spider Nest.
 12036 | Lair:2   | Found a staircase to the Swamp.
 12048 | Lair:2   | Reached skill level 16 in Unarmed Combat
 12202 | Lair:2   | Noticed a boulder beetle
 12213 | Lair:2   | Killed a boulder beetle
 12506 | Lair:3   | Found a frozen archway.
 12522 | Lair:3   | You fall into a shaft and drop 1 floor!
 12568 | Lair:4   | Gained mutation: You are frail. (-10% HP) [Ru sacrifice]
 12568 | Lair:4   | Reached *** piety under Ru
 12568 | Lair:4   | Reached **** piety under Ru
 12575 | Lair:4   | Reached XP level 13. HP: 107/117 MP: 1/10
 12597 | Lair:3   | Noticed Sonja
 12598 | Lair:3   | Sonja changed into Sonja the centaur
 12598 | Lair:3   | Noticed Sonja
 12603 | Lair:3   | Killed Sonja the centaur
 12633 | IceCv    | Entered an ice cave
 12862 | IceCv    | Reached skill level 17 in Unarmed Combat
 13081 | Lair:3   | Reached skill level 1 in Evocations
 13125 | Lair:3   | Identified the +4 ring mail "Fuskaom" {rPois Dex+3 Stlth+}
 14076 | Lair:4   | Reached skill level 10 in Fighting
 14311 | Lair:4   | Gained mutation: You occasionally lose the ability to drink
                  | potions when taking damage. [Ru sacrifice]
 14311 | Lair:4   | Gained mutation: You sometimes lose the ability to drink
                  | potions when taking damage. [Ru sacrifice]
 14311 | Lair:4   | Reached ***** piety under Ru
 14570 | Lair:5   | Entered Level 5 of the Lair of Beasts
 14713 | Lair:5   | Reached XP level 14. HP: 105/131 MP: 11/11
 14828 | Lair:5   | Reached skill level 5 in Evocations
 14828 | Lair:5   | Found a staircase to the Slime Pits.
 15853 | D:12     | Killed Lodul
 15910 | D:12     | Noticed Maurice
 15925 | D:12     | Killed Maurice
 16418 | D:1      | Bought a smoking arbalest for 199 gold pieces
 16418 | D:1      | Identified the +8 arbalest "Roohoups" {freeze, *Corrode
                  | +Blink rC+++ Int+4} (You bought it in a shop on level 1 of
                  | the Dungeon)
 16538 | D:7      | Killed Bediveer's ghost
 16539 | D:7      | Reached skill level 18 in Unarmed Combat
 16739 | D:13     | Gained mutation: You cannot study or cast Air magic. [Ru
                  | sacrifice]
 16739 | D:13     | Gained mutation: You cannot study or cast Transmutations
                  | magic. [Ru sacrifice]
 16739 | D:13     | Gained mutation: You cannot study or cast Translocations
                  | magic. [Ru sacrifice]
 16739 | D:13     | Reached ****** piety under Ru
 17050 | D:13     | Found a gate to the Vaults.
 17050 | D:13     | Noticed an ironbound preserver
 17064 | D:13     | Killed an ironbound preserver
 17160 | D:13     | Reached skill level 19 in Unarmed Combat
 17160 | D:13     | Reached XP level 15. HP: 58/138 MP: 12/12
 17419 | D:14     | Noticed Pocvaraige's ghost (journeyman TrMo)
 17419 | D:14     | Identified the +4 glaive "Dragonslayer" {chaos, *Corrode
                  | rF+ SInv}
 17419 | D:14     | Found a runed translucent door.
 17419 | D:14     | Found a shimmering altar of Xom.
 17445 | D:13     | Killed Pocvaraige's ghost
 17446 | D:13     | Reached skill level 1 in Throwing
 17652 | D:14     | Found a portal to a secret trove of treasure.
 17669 | D:14     | You paid a toll of 4 scrolls of blinking to enter a
                  | treasure trove
 17670 | Trove    | Entered a treasure trove
 17716 | Trove    | Reached skill level 5 in Throwing
 17716 | Trove    | Reached XP level 16. HP: 144/144 MP: 13/13
 17724 | Trove    | Identified the amulet of Caemn {Reflect Regen+ Dex+3 SH+5}
 17726 | Trove    | Identified the amulet "Luynaef" {Reflect *Corrode rPois
                  | rC++ Regen+ SH+5}
 17730 | Trove    | Identified the amulet "Ihiprest" {Faith -Cast rF+ Str+2}
 17934 | D:14     | Noticed Snorg
 17949 | D:14     | Killed Snorg
 18575 | Orc:2    | Entered Level 2 of the Orcish Mines
 18657 | Orc:1    | Found a bloodstained altar of Trog.
 18779 | Orc:1    | Found Kairenap's Assorted Antiques.
 18934 | Orc:2    | Found a staircase to the Elven Halls.
 19001 | Orc:2    | Found Oxkes's Distillery.
 19015 | Orc:2    | Found Zuymn's Jewellery Emporium.
 19185 | Orc:2    | Bought a potion of degeneration for 15 gold pieces
 19466 | Orc:2    | Found Gugoats's General Store.
 19489 | Orc:2    | Bought a scroll of magic mapping for 105 gold pieces
 19489 | Orc:2    | Bought a scroll of teleportation for 42 gold pieces
 19505 | Orc:2    | Bought a scroll of blinking for 105 gold pieces
 19704 | Orc:2    | Found Dolo's Antique Weapon Boutique.
 19704 | Orc:2    | Found Jof Rewn's Antique Armour Emporium.
 19914 | D:15     | Entered Level 15 of the Dungeon
 20435 | D:15     | Found a staircase to the Depths.
 20632 | D:15     | Found a sparkling altar of Nemelex Xobeh.
 20967 | Spider:1 | Entered Level 1 of the Spider Nest
 21010 | Spider:1 | Noticed Aizul
 21022 | Spider:1 | Killed Aizul
 21731 | Spider:1 | Identified the +2 robe of the Pit {Harm rCorr}
 21733 | Spider:1 | Identified the -2 hat of Hedonism {Dex+2}
 21892 | Spider:1 | Reached XP level 17. HP: 61/154 MP: 14/14
 22856 | Spider:3 | Noticed Donald
 22863 | Spider:3 | Noticed Louise
 22891 | Spider:3 | Killed Donald
 22910 | Spider:3 | Killed Louise
 23316 | Spider:4 | Entered Level 4 of the Spider Nest
 23338 | Spider:4 | Reached skill level 1 in Shields
 23841 | Spider:4 | Found a runed translucent gate.
 23841 | Spider:4 | Found a runed translucent gate.
 23844 | Spider:4 | Found a runed translucent gate.
 23845 | Spider:4 | Identified Roxanne's Book of Variation
 23845 | Spider:4 | Noticed Roxanne
 23893 | Spider:4 | Noticed Mecw's ghost (adept GrFi)
 23895 | Spider:4 | Noticed Kaytir's ghost (adept TrCA)
 23962 | Spider:4 | Killed Kaytir's ghost
 23963 | Spider:4 | Reached skill level 5 in Shields
 23966 | Spider:4 | Killed Mecw's ghost
 24148 | Spider:4 | Killed Roxanne
 24503 | Spider:4 | Noticed Nikola
 24510 | Spider:4 | Killed Nikola
 24569 | Spider:4 | Got a gossamer rune of Zot
 24706 | Swamp:1  | Entered Level 1 of the Swamp
 24799 | Swamp:1  | Reached XP level 18. HP: 163/172 MP: 15/15
 25245 | Swamp:2  | You fall into a shaft and drop 1 floor!
 25589 | Swamp:2  | Reached skill level 20 in Unarmed Combat
 26121 | Swamp:3  | Noticed Jorgrun
 26132 | Swamp:3  | Killed Jorgrun
 26469 | Swamp:4  | Entered Level 4 of the Swamp
 26570 | Swamp:3  | HP: 5/155 [seven-headed hydra (8)]
 26570 | Swamp:3  | Slain by a seven-headed hydra

Illustrated notes

Levels and vault maps discovered:
D:1:      scummos_arrival_gate, layout_basic, serial_shops,
          nicolae_shop_bloodbath_and_beyond, shop, shop
D:2:      layout_basic, hellmonk_ecumenical_altar_defaced_shrine
D:3:      layout_loops_ring, nicolae_uskayaw_suspiria, minitemple
D:4:      lemuel_castle_with_subvaults [lemuel_castle_interior_carwin_1],
          layout_rooms, mainiacjoe_overflow_24_doors, gammafunk_ghost_icy
D:5:      layout_rooms, grunt_temple_overflow_lords_of_destruction,
          minmay_temple_entry_steel_oval, serial_shops, shop, kennysheep_diamond
D:6:      layout_loops_ring
D:7:      layout_gridville, mainiacjoe_overflow_tiny_flanked,
          gammafunk_ghost_wrathful_warriors
D:8:      layout_cave_pools, okawaru_humans
D:9:      layout_roguey, david_orc_3
D:10:     kennysheep_blocky_hall, layout_small_grid,
          mainiacjoe_overflow_small_starburst, enter_bailey_4
D:11:     layout_basic, dpeg_lair_monsters
D:12:     layout_loops_ring, serial_shops, bzr_entry_gold, uniq_nessos,
          uniq_maurice, uniq_lodul
D:13:     layout_roguey, skrybe_vaults_entry_preservation
D:14:     layout_rooms, hangedman_glass_teeth, ebering_ghost_xom, enter_trove_0,
          serial_corexii_hall, corexii_hall_statues_i, corexii_hall_statues_x,
          uniq_snorg
D:15:     grunt_enter_depths_hoard, layout_basic,
          nemelex_xobeh_ov_fountains_minmay, minmay_misc_feat_five
Temple:   dshaligram_water_room_temple
Lair:1:   layout_gridlike, cheibrodos_lair_caveside_slide,
          gammafunk_lair_bear_cave, infiniplex_staircase_pool_2
Lair:2:   layout_hall_layers, skrybe_swamp_entry_bodies,
          spider_nest_entry_web_field
Lair:3:   layout_concentric_octagons, portal_ice_cave_entry_pillars_2,
          serial_bayou_lagoon_b, grunt_megastairs_3, uniq_sonja
Lair:4:   layout_hall_layers, beast_lair_carwin_11, grunt_megastairs_1,
          serial_bayou_shore_b, lemuel_fruit_tree
Lair:5:   grunt_lair_end_beastmaster, layout_gridlike, slime_entry_1,
          columned_hall_lemuel
Swamp:1:  layout_falls_marsh, evilmike_swamp_ruin_house_4
Swamp:2:  layout_basic_swamp, nicolae_swamp_treefoil, swamp_pool3
Swamp:3:  nicolae_swamp_husk_halls, layout_basic_swamp,
          evilmike_swamp_ruin_house_2, swamp_pool5, uniq_jorgrun
Swamp:4:  swamp_basic_johnstein, layout_basic_swamp, swamp_pool3
Spider:1: layout_spider_delve, hellmonk_motheaten_closet, uniq_aizul
Spider:2: layout_spider_delve, nicolae_spider_nook
Spider:3: layout_spider_delve, uniq_louise, uniq_donald
Spider:4: spider_rune_water, gammafunk_ghost_cemetery, uniq_roxanne, uniq_nikola
Orc:1:    layout_caves, serial_shops, nicolae_lakefront_shop,
          trog_butcher_becter
Orc:2:    st_orc_town, layout_diamond_mine, serial_shops, shop, mines1_david

Skill      XL: |  1  2  3  4  5  6  7  8  9 10 11 12 13 14 15 16 17 18 |
---------------+-------------------------------------------------------+-----
Unarmed Combat | 3 4 5 6 7 11 12 13 16 17 19 20 | 20.7
Fighting       | 5 6 9 11 13 14 | 14.9
Stealth        | 0 |  0.0
Dodging        | 4 |  4.5
Armour         | 2 3 7 8 |  8.0
Evocations     | 4 7 |  7.3
Throwing       | 5 9 |  9.9
Shields        | 8 |  8.7

Action                   |  1- 3 |  4- 6 |  7- 9 | 10-12 | 13-15 | 16-18 || total
-------------------------+-------+-------+-------+-------+-------+-------++-------
Melee: Unarmed           |    64 |   172 |   303 |   474 |   541 |  1119 ||  2673
       Punch             |     3 |     5 |    10 |    51 |    73 |    88 ||   230
 Fire: Sling             |       |       |     8 |   202 |       |       ||   210
       Shortbow          |       |       |     8 |       |       |       ||     8
       Longbow           |       |       |       |       |    89 |       ||    89
       Arbalest          |       |       |       |       |     3 |     4 ||     7
Throw: Large rock        |       |       |       |       |       |    25 ||    25
Invok: Sacrifice Words   |       |     1 |       |       |       |       ||     1
       Sacrifice Stealth |       |       |     1 |       |       |       ||     1
       Reject Sacrifices |       |       |     1 |       |       |       ||     1
       Sacrifice Essence |       |       |       |     1 |       |       ||     1
       Sacrifice Health  |       |       |       |     1 |       |       ||     1
       Sacrifice Drink   |       |       |       |       |     1 |       ||     1
       Apocalypse        |       |       |       |       |     2 |     5 ||     7
       Power Leap        |       |       |       |       |     1 |       ||     1
       Sacrifice Arcana  |       |       |       |       |     1 |       ||     1
       Draw Out Power    |       |       |       |       |     1 |     8 ||     9
Evoke: Wand              |       |       |     8 |     4 |     1 |       ||    13
       Condenser vane    |       |       |       |       |     1 |     2 ||     3
       Phantom mirror    |       |       |       |       |       |     1 ||     1
  Use: Scroll            |     3 |       |     7 |    10 |    12 |     3 ||    35
       Potion            |       |     1 |     1 |       |     3 |     3 ||     8
 Stab: Sleeping          |     4 |     4 |       |       |       |       ||     8
       Distracted        |       |       |     2 |       |     5 |     6 ||    13
       Paralysed         |       |       |     3 |       |     1 |    14 ||    18
       Invisible         |       |       |     1 |       |     6 |     8 ||    15
       Petrified         |       |       |       |       |     6 |       ||     6
Armor: Robe              |    11 |    46 |    73 |    79 |       |       ||   209
       Fire dragon scale |       |       |       |   160 |   319 |   646 ||  1125
Dodge: Dodged            |    22 |    79 |   119 |   232 |   211 |   386 ||  1049
Block: Other             |       |       |    60 |    44 |    55 |   108 ||   267
       Reflection        |       |       |     5 |       |     2 |     6 ||    13
       Tower shield      |       |       |       |       |       |   415 ||   415

Table legend: (Time is in decaauts)
 A = Elapsed time spent in this place.
 B = Non-inter-level travel time spent in this place.
 C = Inter-level travel time spent in this place.
 D = Time resting spent in this place.
 E = Time spent auto-exploring this place.
 F = Levels seen in this place.
 G = Mean time per level.
                   A        B        C        D        E       F      G
               +--------+--------+--------+--------+--------+-----+--------+
         Total |  26445 |  23896 |   2549 |   2131 |  15491 |  35 |  755.6 |
       Dungeon |  13868 |  11900 |   1968 |   1044 |   7906 |  15 |  924.5 |
        Temple |     92 |     64 |     28 |      0 |     55 |   1 |   92.0 |
          Lair |   4495 |   4259 |    236 |    247 |   3264 |   5 |  899.0 |
         Swamp |   2019 |   1933 |     86 |    182 |   1328 |   4 |  504.8 |
   Spider Nest |   3632 |   3458 |    174 |    603 |   1740 |   4 |  908.0 |
  Orcish Mines |   1330 |   1274 |     56 |      0 |    970 |   2 |  665.0 |
        Bazaar |     46 |     46 |      0 |      0 |     41 |   1 |   46.0 |
         Trove |     99 |     99 |      0 |      0 |     17 |   1 |   99.0 |
        Bailey |    491 |    491 |      0 |      0 |    168 |   1 |  491.0 |
      Ice Cave |    368 |    368 |      0 |     55 |      0 |   1 |  368.0 |
               +--------+--------+--------+--------+--------+-----+--------+

Top non-repeatable levels by time:
    D:11: 1468 daAuts
     D:4: 1324 daAuts
     D:7: 1307 daAuts
Spider:4: 1260 daAuts
  Lair:5: 1112 daAuts
  Lair:3: 966 daAuts
     D:9: 963 daAuts
    D:15: 934 daAuts
     D:2: 913 daAuts
    D:13: 896 daAuts
Spider:1: 882 daAuts
   Orc:2: 873 daAuts
 Swamp:2: 861 daAuts
     D:3: 855 daAuts
    D:10: 841 daAuts
